 Dungeon Crawl Stone Soup version 0.27.1-33-g824d729ab1 (webtiles) character file.

Game seed: 8523504467833872847

16 zeram the Sneak (level 2, 0/17 HPs)
             Began as a Kobold Brigand on Nov 25, 2021.
             Slain by a ball python (1 damage)
             ... on level 1 of the Dungeon.
             The game lasted 00:01:50 (371 turns).

zeram the Sneak (Kobold Brigand)                     Turns: 371, Time: 00:01:51

Health: 0/17       AC:  4    Str:  6 (8)  XL:     2   Next: 75%
Magic:  2/2        EV: 11    Int: 11 (12) God:
Gold:   0          SH:  0    Dex: 15 (16) Spells: 1/1 levels left

rFire    . . .     SeeInvis .   a - +2 dagger
rCold    . . .     Faith    .   (shield restricted)
rNeg     . . .     Spirit   .   b - +1 robe
rPois    .         Reflect  .   (no helmet)
rElec    .         Harm     .   c - +0 cloak
rCorr    .         Rampage  .   (no gloves)
Will     .....                  (no boots)
Stlth    ++++......             (no amulet)
HPRegen  0.05/turn              (no ring)
MPRegen  0.08/turn              (no ring)

@: constricted
A: small, no large weapons, nightstalker 3
a: no special abilities


You were on level 1 of the Dungeon.
You visited 1 branch of the dungeon, and saw 1 of its levels.

Inventory:

Hand Weapons
 a - a +2 dagger (weapon)
Missiles
 d - 8 poisoned darts (quivered)
 e - 2 curare-tipped darts
Armour
 b - a +1 robe (worn)
 c - a +0 cloak (worn)
Scrolls
 g - a scroll of identify {unknown}


   Skills:
 - Level 2.1 Fighting
 - Level 2.6 Short Blades
 - Level 2.1 Throwing
 - Level 1.2 Dodging
 + Level 6.4 Stealth


You had one spell level left.
You didn't know any spells.
Your spell library was empty.

Dungeon Overview and Level Annotations

Branches:
Dungeon (1/15)

Altars:

Shops:
D:1 =


Innate Abilities, Weirdness & Mutations

You are small and have problems with some larger weapons.
You are completely attuned to the shadows.


Message History

You hit the quokka but do no damage. The quokka barely misses you.
You closely miss the quokka. The quokka misses you.
You completely miss the quokka.
The quokka bites you but does no damage.
It was a potion of degeneration.
There was something very wrong with that liquid.
You feel weakened.
You feel dopey.
You feel clumsy. The quokka completely misses you. The quokka bites you.
* * * LOW HITPOINT WARNING * * *
The quokka misses you.
Really walk into that dispersal trap?
You enter a dispersal trap!
The quokka blinks!
The ball python blinks!
You blink.
You start resting.
A quokka is nearby!
A quokka is nearby!
A quokka is nearby!
The quokka bites you.
* * * LOW HITPOINT WARNING * * *
You hit the quokka.
The quokka is severely wounded.
The quokka closely misses you.
You barely miss the quokka.
The quokka is severely wounded.
The quokka completely misses you.
You completely miss the quokka.
The quokka is severely wounded.
The quokka misses you.
You barely miss the quokka.
The quokka is severely wounded.
The ball python barely misses you. The ball python grabs you.
The ball python constricts you.
* * * LOW HITPOINT WARNING * * *
The quokka closely misses you.
Unknown command.
You completely miss the quokka.
The quokka is severely wounded.
The ball python bites you.
You die...

###. ..........# ....
#.##....... #..##
#.......... .#..
.#..#..... ..##
#..#..... .#.#
###.##...# #..# ..
#.#w.#...#
...##.#...#..##.##.##.##
...†..#...#..#..@#..#
............##.Sr##.##
............#.†...#..#
............#....w#§.#.
......#...#....^........
#..##.#...##############
#†.##.##.## ###
#..##.##.# #####>#.#.
#..##.##.# #<....##.#


You could see a dart slug, a quokka and a ball python.

Vanquished Creatures
  2 ball pythons (D:1)
  A bat (D:1)
  3 endoplasms (D:1)
  A giant cockroach (D:1)
  A goblin (D:1)
  3 jackals (D:1)
  A frilled lizard (D:1)
  A rat (D:1)
13 creatures vanquished.

Notes
Turn   | Place    | Note
-------+----------+-------------------------------------------
     0 | D:1      | zeram the Kobold Brigand began the quest for the Orb.
     0 | D:1      | Reached XP level 1. HP: 12/12 MP: 1/1
    70 | D:1      | Found Egriato's Jewellery Boutique.
   263 | D:1      | Reached XP level 2. HP: 17/17 MP: 2/2
   267 | D:1      | Reached skill level 6 in Stealth
   371 | D:1      | Slain by a ball python

Illustrated notes

Levels and vault maps discovered:
D:1:      amcnicky_arrival_choice, layout_loops_ring, serial_shops,
          nicolae_diamond_shop, chequers_ecumenical_altar_twisty, minmay_unequal

Skill      XL: |  1  2 |
---------------+-------+-----
Stealth        | 6 |  6.4
Fighting       | |  2.1
Short Blades   | |  2.6
Throwing       | |  2.1
Dodging        | |  1.2

Action                   || total
-------------------------++-------
Melee: Dagger            ||    45
  Use: Scroll            ||     1
       Potion            ||     1
 Stab: Sleeping          ||     5
Armor: Robe              ||    13
Dodge: Dodged            ||    45
